 Dungeon Crawl Stone Soup version 0.27-a0-836-gfc908b8576 (webtiles) character file.

Game seed: 5625289434868056154

1025 Lanoc the Frost Mage (level 8, -11/51 (52) HPs)
             Began as a Merfolk Ice Elementalist on Mar 31, 2021.
             Killed from afar by Dowan (23 damage)
             ... with a stone arrow
             ... on level 5 of the Dungeon.
             The game lasted 00:10:48 (5953 turns).

Lanoc the Frost Mage (Merfolk Ice Elementalist)     Turns: 5953, Time: 00:10:48

HP:   -11/51 (52)   AC:  2    Str:  9    XL:     8   Next: 23%
MP:   9/11          EV: 15    Int: 16    God:
Gold: 134           SH:  0    Dex: 14    Spells: 4/11 levels left

rFire    . . .     SeeInvis .   c - +3 spear (freeze)
rCold    . . .     Faith    .   (no shield)
rNeg     . . .     Spirit   .   a - +0 robe
rPois    +         Reflect  .   (no helmet)
rElec    .         Harm     .   (no cloak)
rCorr    .         Rampage  .   (no gloves)
Will     .....                  (no boots)
Stlth    ++........             (no amulet)
HPRegen  0.17/turn              m - ring of poison resistance
MPRegen  0.12/turn              (no ring)

@: frozen ramparts, flying, lightly drained
A: (nimble swimmer 2), mertail
a: no special abilities


You were on level 5 of the Dungeon.
You visited 1 branch of the dungeon, and saw 5 of its levels.
You also visited: Sewer.

You collected 134 gold pieces.

Inventory:

Hand Weapons
 b - a +3 halberd
 c - a +3 spear of freezing (weapon)
 d - a +3 halberd of freezing
Armour
 a - a +0 robe (worn)
Jewellery
 m - a ring of poison resistance (left hand)
Wands
 e - a wand of charming (2)
 r - a wand of acid (12)
Scrolls
 g - a scroll of enchant armour
 k - a scroll of immolation {unknown}
 l - a scroll of amnesia
 o - a scroll of fog {unknown}
 p - a scroll of torment {unknown}
 s - a scroll of teleportation
 t - a scroll of acquirement {unknown}
Potions
 f - 2 potions of flight
 h - 2 potions of curing {unknown}
 i - 2 potions of heal wounds {unknown}
 j - a potion of haste
 n - 2 potions of brilliance {unknown}
 q - 2 potions of cancellation {unknown}


   Skills:
 + Level 7.4 Dodging
 - Level 2.1 Stealth
 - Level 2.0 Spellcasting
 * Level 9.4 Ice Magic


You had 4 spell levels left.
You knew the following spells:

 Your Spells              Type           Power      Damage    Failure   Level
a - Freeze                Ice            100%       1d11      1%          1
b - Frozen Ramparts       Ice            62%        1d8       1%          3
c - Ozocubu's Armour      Ice            31%        N/A       1%          3

Your spell library contained the following spells:

 Spells                   Type           Power      Damage    Failure   Level
 Hailstorm                Conj/Ice       16%        3d6       30%         4
 Summon Ice Beast         Ice/Summ       16%        N/A       30%         4
 Confusing Touch          Hex            1%         N/A       52%         3
 Gell's Gravitas          Tloc           0%         N/A       52%         3
 Petrify                  Tmut/Erth      1%         N/A       90%         4
 Metabolic Englaciation   Hex/Ice        8%         N/A       63%         5
 Yara's Violent Unravell  Hex/Tmut       0%         3d3       99%         5


Dungeon Overview and Level Annotations

Branches:
Dungeon (5/15)              Sewer (visited)
 Temple: D:4-7

Altars:
Okawaru

Annotations:
D:4 1 runed translucent door, polve's ghost, amateur DsAK
D:5 Dowan


Innate Abilities, Weirdness & Mutations

((You are quick and stealthy near water. (Stealth+, EV+, Speed+++)))
Your lower body shifts to a powerful aquatic tail in water.


Message History

There is an open door here.
Casting: Frozen Ramparts (safe; 1% risk of failure)
Confirm with . or Enter, or press ? or * to list all spells.
Casting: Frozen Ramparts (safe; 1% risk of failure)
Press: ? - help, Dir - look around, f - activate The walls around you are covered in ice.
The wall freezes Duvessa.
You hit Duvessa. You freeze Duvessa.
Duvessa is moderately wounded.
Dowan gestures wildly while chanting.
Dowan blinks!
The wall freezes Duvessa.
Duvessa barely misses you.
You hit Duvessa but do no damage.
Duvessa is moderately wounded.
The wall freezes Duvessa!
Duvessa hits you with a +0 rapier.
You hit Duvessa. You freeze Duvessa.
Duvessa is severely wounded.
The wall freezes Duvessa.
Duvessa hits you with a +0 rapier!
The wall freezes Duvessa.
Duvessa hits you with a +0 rapier!
You barely miss Duvessa.
Duvessa is almost dead.
The wall freezes Duvessa.
Duvessa hits you with a +0 rapier!
* * * LOW HITPOINT WARNING * * *
You hit Duvessa. You freeze Duvessa.
You kill Duvessa!
Dowan seems overcome with grief, but rights himself reflexively soon after.
Dowan seems to find hidden reserves of power!
The wall freezes Dowan.
You hit Dowan. You freeze Dowan.
Dowan is moderately wounded.
The wall freezes Dowan.
Dowan hits you with a +2 dagger of draining.
* * * LOW HITPOINT WARNING * * *
You feel drained.
It was a potion of flight.
You feel very buoyant.
You fly up into the air.
The wall freezes Dowan.
Dowan barely misses you.
The wall freezes Dowan.
Dowan gestures at you while chanting. The stone arrow hits you!!
You die...

#.....#........#........
#.....#........##....##.
#.....'........##รท...##.
#.....#..............##.
#.....#.................
########......<.........
#.....##...........(....
#.....#..............##.
#.....e@.............###
#.....#..............#..
#.<...#..............#..
#.....#..............+..
#...e.##.......##....##.
#...e.##...|...##.<..##.
#.....##.......#........
#.....#........#...#####
#.....#........#...#


You could see Dowan (fast).

Vanquished Creatures
  Duvessa (D:5)
  An orc warrior (D:4)
  A sky beast (D:5)
  An ogre (D:4)
  A phantom (D:4)
  A kobold brigand (Sewer)
  A scorpion (D:4)
  2 hounds
  2 orc priests (D:4)
  An iguana (D:4)
  2 orc wizards (D:4)
  7 gnolls (D:3)
  9 adders
  An ufetubus (D:5)
  4 worms
  18 orcs
  8 ball pythons
  5 bats
  5 endoplasms
  3 giant cockroaches (D:3)
  5 goblins
  3 hobgoblins
  4 jackals (D:2)
  4 quokkas
  6 frilled lizards
  9 kobolds
  5 rats
110 creatures vanquished.

Vanquished Creatures (others)
  11 plants (D:2)
11 creatures vanquished.

Grand Total: 121 creatures vanquished

Notes
Turn   | Place    | Note
-------+----------+-------------------------------------------
     0 | D:1      | Lanoc the Merfolk Ice Elementalist began the quest for the
                  | Orb.
     0 | D:1      | Reached XP level 1. HP: 13/13 MP: 3/3
    90 | D:1      | You fall into a shaft and drop 1 floor!
   288 | D:1      | Reached XP level 2. HP: 9/19 MP: 0/5
   833 | D:2      | Reached skill level 5 in Ice Magic
   833 | D:2      | Reached XP level 3. HP: 16/24 MP: 2/6
  1047 | D:2      | Learned a level 3 spell: Frozen Ramparts
  1352 | D:2      | Reached XP level 4. HP: 29/30 MP: 3/7
  2062 | D:3      | Reached skill level 6 in Ice Magic
  2075 | D:3      | Reached XP level 5. HP: 8/35 MP: 0/8
  2082 | D:3      | HP: 1/35 [kobold/+0 dagger (3)]
  2322 | D:3      | Found a glowing drain.
  2451 | Sewer    | Entered a sewer
  2492 | Sewer    | Noticed a kobold brigand
  2513 | Sewer    | Killed a kobold brigand
  2514 | Sewer    | Reached skill level 5 in Dodging
  2514 | Sewer    | Reached XP level 6. HP: 27/41 MP: 3/9
  2632 | Sewer    | Found a white marble altar of Elyvilon.
  3075 | D:3      | Reached skill level 7 in Ice Magic
  3996 | D:4      | Found a runed translucent door.
  4001 | D:4      | Noticed polve's ghost (amateur DsAK)
  4114 | D:4      | Reached XP level 7. HP: 35/46 MP: 6/10
  4200 | D:4      | Reached skill level 8 in Ice Magic
  5064 | D:5      | Entered Level 5 of the Dungeon
  5226 | D:4      | Learned a level 3 spell: Ozocubu's Armour
  5497 | D:5      | Found an iron altar of Okawaru.
  5521 | D:5      | Reached skill level 9 in Ice Magic
  5521 | D:5      | Reached XP level 8. HP: 26/52 MP: 7/11
  5938 | D:5      | Noticed Duvessa
  5939 | D:5      | Noticed Dowan
  5951 | D:5      | Killed Duvessa
  5953 | D:5      | Killed from afar by Dowan

Illustrated notes

Levels and vault maps discovered:
D:1:      dpeg_arrival_boxes_within_box, layout_rooms
D:2:      layout_loops_ring, serial_forest, infiniplex_forest_split,
          infiniplex_forest_lined_2, infiniplex_forest_clump_diagonal,
          infiniplex_forest_clump_tiny, infiniplex_forest_zigzag_1,
          chequers_jeans, serial_bayou_pond_b
D:3:      layout_loops_corners, portal_sewer_entry_f
D:4:      layout_loops_cross, ebering_ghost_reflecting_pool,
          minmay_misc_feat_tiny, guppyfry_early_orc_mine
D:5:      layout_gridville, general_overflow_altar,
          minmay_temple_entry_large_hall, kennysheep_generic_room_9,
          uniq_eustachio, uniq_duvessa

Skill      XL: |  1  2  3  4  5  6  7 |
---------------+----------------------+-----
Dodging        | 3 4 5 7 |  7.4
Ice Magic      | 5 6 7 9 |  9.4
Stealth        | |  2.1
Spellcasting   | |  2.0

Action                   |  1- 3 |  4- 6 |  7- 9 || total
-------------------------+-------+-------+-------++-------
Melee: Unarmed           |    13 |       |       ||    13
       Dagger            |    35 |    27 |       ||    62
       Spear             |       |    59 |    44 ||   103
       Halberd           |       |     8 |       ||     8
 Cast: Freeze            |    38 |     5 |     3 ||    46
       Frozen Ramparts   |     2 |    23 |    16 ||    41
  Use: Scroll            |       |     6 |       ||     6
       Potion            |       |     1 |     1 ||     2
 Stab: Sleeping          |       |     2 |     2 ||     4
Armor: Robe              |    20 |     8 |     2 ||    30
Dodge: Dodged            |    73 |    55 |    32 ||   160

Table legend: (Time is in decaauts)
 A = Elapsed time spent in this place.
 B = Non-inter-level travel time spent in this place.
 C = Inter-level travel time spent in this place.
 D = Time resting spent in this place.
 E = Time spent auto-exploring this place.
 F = Levels seen in this place.
 G = Mean time per level.
                   A        B        C        D        E       F      G
               +--------+--------+--------+--------+--------+-----+--------+
         Total |   5938 |   5832 |    106 |    294 |   4599 |   6 |  989.7 |
       Dungeon |   5723 |   5617 |    106 |    290 |   4456 |   5 | 1144.6 |
         Sewer |    215 |    215 |      0 |      4 |    143 |   1 |  215.0 |
               +--------+--------+--------+--------+--------+-----+--------+

Top non-repeatable levels by time:
     D:4: 1589 daAuts
     D:3: 1402 daAuts
     D:2: 1359 daAuts
     D:5: 738 daAuts
     D:1: 633 daAuts
   Sewer: 215 daAuts
